 Dungeon Crawl Stone Soup version 0.23-a0-577-g2b1de94 (webtiles) character file.

5424 MalarOregon the Spear-Bearer (level 10, -2/115 HPs)
             Began as a Merfolk Ice Elementalist on Dec 14, 2018.
             Was a Believer of Lugonu.
             Killed from afar by a white imp (10 damage)
             ... with a puff of frost
             ... on level 1 of the Lair of Beasts.
             The game lasted 00:20:21 (11084 turns).

MalarOregon the Spear-Bearer (MfIE)                Turns: 11084, Time: 00:20:22

Health: -2/115     AC: 25    Str:  8    XL:     10   Next: 67%
Magic:  14/14      EV:  2    Int: 18    God:    Lugonu [**....]
Gold:   43         SH:  0    Dex: 20    Spells: 2/15 levels left

rFire    . . .     SeeInvis .   A - +6 glaive of Chaos {freeze, +Blink +Fly Dex+5}
rCold    . . .     Gourm    .   (shield currently unavailable)
rNeg     + + +     Faith    .   (armour currently unavailable)
rPois    +         Spirit   .   (helmet currently unavailable)
rElec    .         Reflect  .   (cloak currently unavailable)
rCorr    .         Harm     .   (gloves currently unavailable)
MR       .....     NoTele   +   (boots currently unavailable)
Stlth    +.........             (no amulet)
HPRegen  0.29/turn              (no ring)
MPRegen  0.14/turn              (no ring)

@: confused, tree-form
A: (change form in water), (swift swim), (stealthy swim)
a: Depart the Abyss, Bend Space, Renounce Religion, Evoke Blink


You were on level 1 of the Lair of Beasts.
You worshipped Lugonu.
Lugonu was pleased with you.
You were not hungry.
You were a tree.
You visited 3 branches of the dungeon, and saw 10 of its levels.

You collected 333 gold pieces.
You spent 290 gold pieces at shops.

Inventory:

Hand Weapons
 y - the +8 spear of the Shore {pierce, +Blink rC- Int+8 Dex-5}
   (You found it on level 5 of the Dungeon)

   It inflicts extra damage upon your enemies.
   It affects your intelligence (+8).
   It affects your dexterity (-5).
   It makes you vulnerable to cold.
   It lets you blink.
 A - the +6 glaive of Chaos (weapon) {freeze, +Blink +Fly Dex+5}
   (You found it on level 4 of the Dungeon)

   It has been specially enchanted to freeze those struck by it, causing extra
   injury to most foes and up to half again as much damage against particularly
   susceptible opponents.
   It can also slow down cold-blooded creatures.
   It affects your dexterity (+5).
   It lets you fly.
   It lets you blink.
Armour
 d - a +2 helmet
   (You found it on level 1 of the Lair of Beasts)
 g - a +0 robe (melded)
 i - a +0 pair of gloves (melded)
   (You found it on level 3 of the Dungeon)
 l - a +1 helmet (melded)
   (You found it on level 2 of the Dungeon)
 s - a +0 pair of boots (melded)
   (You found it on level 4 of the Dungeon)
Wands
 c - a wand of disintegration (8)
   (You found it on level 4 of the Dungeon)
 u - a wand of paralysis (2)
   (You took it off an orc on level 8 of the Dungeon)
Scrolls
 a - 5 scrolls of remove curse {@r2}
 b - a scroll of enchant armour
 f - a scroll of enchant weapon
 j - a scroll of immolation {!r}
 k - a scroll of identify {@r1}
 m - 3 scrolls of teleportation {@r4}
 n - a scroll of amnesia
 t - 2 scrolls of blinking
 w - 3 scrolls of magic mapping
 D - a scroll of random uselessness {unknown}
Potions
 h - 3 potions of haste {@q3}
 p - 4 potions of curing {@q1}
 q - a potion of brilliance {unknown}
 r - 2 potions of lignification {!q}
 v - 2 potions of heal wounds {@q2}
 x - 3 potions of berserk rage
 z - a potion of might
 B - a potion of resistance {unknown}
Comestibles
 e - 14 rations {!d}
 C - 4 chunks of flesh


   Skills:
 + Level 6.9 Fighting
 * Level 12.4 Polearms
 - Level 4.0 Armour
 + Level 8.7 Dodging
 - Level 3.0 Stealth
 - Level 3.0 Spellcasting
 - Level 1.0 Conjurations
 - Level 1.0 Charms
 - Level 4.0 Summonings
 + Level 0.6 Translocations
 - Level 5.0 Ice Magic
 + Level 0.8 Air Magic
 * Level 1.7 Poison Magic


You had 2 spell levels left.
You knew the following spells:

 Your Spells              Type           Power        Failure   Level  Hunger
a - Freeze                Ice            ###.         1%          1    None
b - Ozocubu's Armour      Chrm/Ice       ##......     14%         3    ###....
c - Blink                 Tloc           N/A          19%         2    ##.....
d - Summon Ice Beast      Ice/Summ       ###.....     26%         4    ####...
f - Mephitic Cloud        Conj/Pois/Air  #.......     30%         3    ###....

Your spell library contained the following spells:

 Spells                   Type           Power        Failure   Level  Hunger
 Summon Small Mammal      Summ           ###.         3%          1    None
 Call Imp                 Summ           ###.....     4%          2    ##.....
 Throw Frost              Conj/Ice       ##....       7%          2    ##.....
 Magic Dart               Conj           #...         11%         1    None
 Flame Tongue             Conj/Fire      #....        13%         1    None
 Throw Flame              Conj/Fire      #.....       21%         2    ##.....
 Slow                     Hex            #.......     24%         2    ##.....
 Call Canine Familiar     Summ           ###.....     10%         3    ###....
 Summon Guardian Golem    Hex/Summ       #.......     22%         3    ###....
 Conjure Flame            Conj/Fire      #.......     36%         3    ###....
 Inner Flame              Hex/Fire       #.......     43%         3    ###....
 Throw Icicle             Conj/Ice       ##......     43%         4    ####...
 Summon Lightning Spire   Summ/Air       ##......     52%         4    ####...
 Sticky Flame             Conj/Fire      #.......     78%         4    ####...
 Fireball                 Conj/Fire      #.........   98%         5    ######.


Dungeon Overview and Level Annotations

Branches:
Dungeon (8/15)             Temple (1/1) D:6            Lair (1/6) D:8

Altars:
Ashenzari
Cheibriados
Dithmenos
Elyvilon
Fedhas
Gozag
Hepliaklqana
Kikubaaqudgha
Makhleb
Nemelex Xobeh
Okawaru
Qazlal
Ru
Sif Muna
Trog
Uskayaw
Vehumet
Wu Jian
Xom
Yredelemnul
Zin
The Shining One
Lugonu

Shops:
D:7 *!

Portals:
Ice
Cave: Lair:1


Message History

The puff of frost hits you! The white imp gestures at you.
The puff of frost hits you!
* * * LOW HITPOINT WARNING * * *
The white imp hits you but does no damage.
You nearly hit yourself!
The bullfrog hits you but does no damage.
The white imp hits you.
* * * LOW HITPOINT WARNING * * *
The white imp freezes you.
* * * LOW HITPOINT WARNING * * *
The white imp gestures at you.
Helpless, you fail to dodge the puff of frost.
The white imp gestures at you. The puff of frost hits you!
* * * LOW HITPOINT WARNING * * *
The bullfrog hits you but does no damage.
The white imp gestures at you. The puff of frost hits you!
The white imp hits you but does no damage.
Unknown command.
You miss the white imp.
The white imp hits you but does no damage.
The bullfrog hits you but does no damage.
The white imp hits you but does no damage. x2
The white imp gestures at you.
Helpless, you fail to dodge the puff of frost.
The white imp hits you but does no damage.
You slash the white imp!
You kill the white imp!
Lugonu accepts your kill. The bullfrog hits you.
* * * LOW HITPOINT WARNING * * *
The white imp hits you but does no damage. x3
The bullfrog hits you but does no damage.
The white imp gestures at you.
Helpless, you fail to dodge the puff of frost.
The white imp hits you but does no damage.
Unknown command.
You slice the bullfrog!! You freeze the bullfrog.
You kill the bullfrog!
Lugonu accepts your kill. The white imp hits you.
* * * LOW HITPOINT WARNING * * *
The white imp freezes you.
* * * LOW HITPOINT WARNING * * *
The white imp hits you but does no damage. x3
The white imp gestures at you. The puff of frost hits you!
You die...

.......### ####........
.......#.###.PP........
#......................
....##########.|......
....# ##........ .#..#
#.....#### #...#
#.....## ##..# ##.55..#
#P..# # #.†♣.##
##..#P#### #.5.5#
##........ .......#
........####.P.....
........# ###......
###(##..# #......∩
.....#..# .........
^....# .# ##.........
.....# #


You could see 4 white imps.

Vanquished Creatures
  Joseph (D:7)
  Prince Ribbit (D:7)
  3 hippogriffs
  5 yaks (D:7)
  Menkaure (D:7)
  A water moccasin (D:7)
  2 porcupines (D:8)
  A black bear (D:8)
  2 orc warriors
  2 ice beasts
  A phantom (D:8)
  4 ogres
  3 centaurs
  Blork the orc (D:5)
  3 bullfrogs
  4 scorpions
  4 wights (D:7)
  3 howler monkeys
  4 crimson imps
  4 hounds
  2 bullfrog zombies
  4 orc priests
  2 bullfrog skeletons
  A jelly (D:8)
  3 centaur skeletons
  10 orc wizards
  An iguana (D:8)
  3 worker ants
  A hound skeleton (D:7)
  10 gnolls
  9 adders
  3 shadow imps
  8 white imps (Lair:1)
  An adder zombie (D:8)
  6 worms
  2 dart slugs
  4 leopard geckos
  30 orcs
  8 bats
  4 giant cockroaches
  8 goblins
  9 hobgoblins
  7 jackals
  A quokka (D:4)
  5 frilled lizards
  5 kobolds
  9 rats
206 creatures vanquished.

Notes
Turn   | Place    | Note
-------+----------+-------------------------------------------
     0 | D:1      | MalarOregon the Merfolk Ice Elementalist began the quest
                  | for the Orb.
     0 | D:1      | Reached XP level 1. HP: 13/13 MP: 3/3
   176 | D:1      | Found an iron altar of Okawaru.
   192 | D:1      | Reached XP level 2. HP: 20/20 MP: 3/5
   756 | D:1      | Reached skill level 1 in Polearms
   912 | D:2      | Reached XP level 3. HP: 19/25 MP: 6/6
   919 | D:2      | Found a burning altar of Makhleb.
  1021 | D:2      | Reached skill level 1 in Fighting
  1441 | D:2      | Reached skill level 2 in Polearms
  1510 | D:2      | Reached XP level 4. HP: 18/32 MP: 7/7
  1697 | D:2      | Found a hide-covered altar of Uskayaw.
  2297 | D:3      | Reached XP level 5. HP: 10/38 MP: 5/8
  2340 | D:3      | Reached skill level 1 in Armour
  2442 | D:3      | Reached skill level 3 in Polearms
  3245 | D:3      | Reached XP level 6. HP: 29/44 MP: 5/9
  3890 | D:4      | Reached skill level 4 in Polearms
  3993 | D:4      | Got an ancient glaive
  4480 | D:4      | Reached skill level 5 in Polearms
  4480 | D:4      | Reached XP level 7. HP: 39/51 MP: 6/11
  4900 | D:4      | Found a glowing silver altar of Zin.
  4900 | D:4      | Found a basalt altar of Yredelemnul.
  4901 | D:4      | Found a shattered altar of Ashenzari.
  4953 | D:5      | Entered Level 5 of the Dungeon
  5270 | D:5      | Noticed Blork the orc
  5315 | D:5      | Killed Blork the orc
  5452 | D:5      | Reached skill level 6 in Polearms
  5598 | D:5      | Learned a level 3 spell: Ozocubu's Armour
  5603 | D:5      | Learned a level 4 spell: Summon Ice Beast
  6105 | D:4      | Reached skill level 5 in Dodging
  6202 | D:4      | Identified the +6 glaive of Chaos {freeze, +Blink +Fly
                  | Dex+5} (You found it on level 4 of the Dungeon)
  6222 | D:4      | Reached XP level 8. HP: 57/58 MP: 12/12
  6238 | D:5      | Reached skill level 5 in Ice Magic
  6276 | D:5      | Reached skill level 7 in Polearms
  6540 | D:5      | Got a warped spear
  6541 | D:5      | Identified the +8 spear of the Shore {pierce, +Blink rC-
                  | Int+8 Dex-5} (You found it on level 5 of the Dungeon)
  6635 | D:6      | Found a stormy altar of Qazlal.
  6635 | D:6      | Found a blossoming altar of Fedhas.
  6673 | D:6      | Reached skill level 8 in Polearms
  6807 | D:6      | Reached skill level 1 in Charms
  6845 | D:6      | Reached skill level 1 in Summonings
  6900 | D:6      | Found a shadowy altar of Dithmenos.
  7371 | D:6      | Reached XP level 9. HP: 64/66 MP: 13/13
  7399 | D:6      | Found a staircase to the Ecumenical Temple.
  7404 | D:6      | Reached skill level 9 in Polearms
  7413 | Temple   | Entered the Ecumenical Temple
  7443 | Temple   | Became a worshipper of Lugonu the Unformed
  7443 | Temple   | Reached * piety under Lugonu
  7575 | D:7      | Noticed Menkaure
  7588 | D:7      | Noticed Joseph
  8279 | D:7      | Found a hazy altar of Hepliaklqana.
  8280 | D:7      | Found a shimmering altar of Xom.
  8281 | D:7      | Noticed a spectral ugly thing
  8311 | D:7      | Reached skill level 5 in Fighting
  8328 | D:7      | Reached skill level 10 in Polearms
  8745 | D:7      | Found Uthas's Distillery.
  8757 | D:7      | Killed Menkaure
  8761 | D:7      | Bought a potion of lignification for 33 gold pieces
  8761 | D:7      | Bought a potion of lignification for 33 gold pieces
  8761 | D:7      | Bought a potion of heal wounds for 55 gold pieces
  8761 | D:7      | Bought a potion of curing for 33 gold pieces
  8761 | D:7      | Bought a potion of haste for 110 gold pieces
  8887 | D:7      | Found a bloodstained altar of Trog.
  8914 | D:7      | Found a snail-covered altar of Cheibriados.
  8994 | D:7      | Found a shadowy altar of Dithmenos.
  9033 | D:7      | Found an opulent altar of Gozag.
  9034 | D:7      | Found a sparkling altar of Nemelex Xobeh.
  9091 | D:7      | Reached XP level 10. HP: 51/76 MP: 14/14
  9185 | D:7      | Found Niciluig's Assorted Antiques.
  9193 | D:7      | Bought a fuming clear potion for 26 gold pieces
  9216 | D:7      | Noticed Prince Ribbit
  9219 | D:7      | Killed Prince Ribbit
  9219 | D:7      | Reached skill level 11 in Polearms
  9241 | D:7      | Found a white marble altar of Elyvilon.
  9604 | D:7      | Killed Joseph
 10263 | D:8      | Found a staircase to the Lair.
 10267 | D:8      | Reached skill level 12 in Polearms
 10334 | D:8      | Reached ** piety under Lugonu
 10466 | D:8      | Learned a level 2 spell: Blink
 10470 | D:8      | Learned a level 3 spell: Mephitic Cloud
 10818 | D:8      | Reached skill level 1 in Conjurations
 10818 | D:8      | Reached skill level 1 in Poison Magic
 10897 | Lair:1   | Entered Level 1 of the Lair of Beasts
 11048 | Lair:1   | Found a frozen archway.
 11084 | Lair:1   | Killed from afar by a white imp

Vault maps used:
D:1:      giann_wishing_wells, okawaru_ov_weapons_minmay
D:2:      nicolae_overflow_crystal_walls, eat_drink_and_be_merry_uskayaw,
          first_ration
D:3:      minmay_starry_boxes
D:4:      gammafunk_temple_overflow_claw
D:5:      eino_small_chamber_without_monster, uniq_blork_the_orc
D:6:      grunt_temple_overflow_forces_of_nature, temple_green,
          minmay_misc_feat_pillars, nicolae_dithmenos_through_a_glass_darkly
D:7:      regret_index_temple_of_mockery, grunt_temple_overflow_opulence,
          kennysheep_little_box, bloody_trog, cheibriados_altar_1,
          elyvilon_altar_3, serial_shops, shop,
          nicolae_shop_competitors_out_of_business, minmay_misc_feat_room,
          uniq_menkaure, uniq_prince_ribbit1, uniq_joseph
D:8:      grunt_lair_entry_orc_guard_hut, minmay_misc_feat_chi
Temple:   corrupted_temple
Lair:1:   portal_ice_cave_entry_imps, st_stairs_3, beast_lair_carwin_9

Skill      XL: |  1  2  3  4  5  6  7  8  9 10 |
---------------+-------------------------------+-----
Polearms       | 1 2 3 5 6 8 10 12 | 12.4
Dodging        | 3 4 5 6 7 8 |  8.7
Fighting       | 1 2 3 4 5 6 |  6.9
Stealth        | 3 |  3.0
Armour         | 1 2 3 4 |  4.0
Ice Magic      | 4 5 |  5.0
Spellcasting   | 3 |  3.0
Charms         | 1 |  1.0
Summonings     | 1 3 4 |  4.0
Conjurations   | 1 |  1.0
Poison Magic   | 1 |  1.7
Translocations | |  0.6
Air Magic      | |  0.8

Action                   |  1- 3 |  4- 6 |  7- 9 | 10-12 || total
-------------------------+-------+-------+-------+-------++-------
Melee: Unarmed           |     2 |       |       |       ||     2
       Spear             |    84 |   210 |   202 |       ||   496
       Glaive            |       |       |    87 |   123 ||   210
 Cast: Freeze            |    22 |    82 |    37 |       ||   141
  Use: Potion            |     1 |     2 |     2 |     4 ||     9
       Scroll            |       |       |    10 |     5 ||    15
 Stab: Sleeping          |    10 |     2 |     3 |     5 ||    20
  Eat: Chunk             |     2 |    10 |     7 |     4 ||    23
       Ration            |       |       |     2 |     1 ||     3
Armor: Robe              |    10 |    34 |    38 |    16 ||    98
       Skin              |     5 |       |    34 |   164 ||   203
Dodge: Dodged            |    55 |   190 |   190 |    74 ||   509

Table legend:
 A = Non-vault XP
 B = Vault XP
 C = Vault XP percentage of total XP
 D = Non-vault monster count
 E = Vault monster count
 F = Vault count percentage of total count
                 A         B        C        D         E       F
            +---------+---------+-------+---------+---------+-------
      Total |    6039 |    1710 |  22.1 |     184 |      22 |  10.7
            +---------+---------+-------+---------+---------+-------
        D:1 |      31 |       0 |   0.0 |      16 |       0 |   0.0
        D:2 |      98 |       0 |   0.0 |      21 |       0 |   0.0
        D:3 |     366 |      23 |   5.9 |      33 |       5 |  13.2
        D:4 |     359 |       0 |   0.0 |      25 |       0 |   0.0
        D:5 |     831 |      99 |  10.6 |      26 |       1 |   3.7
        D:6 |     705 |       0 |   0.0 |      19 |       0 |   0.0
        D:7 |    2057 |     875 |  29.8 |      18 |       3 |  14.3
        D:8 |    1247 |     629 |  33.5 |      24 |       5 |  17.2
     Lair:1 |     345 |      84 |  19.6 |       2 |       8 |  80.0
            +---------+---------+-------+---------+---------+-------
